AoeStats
← FABRIZZIO

Golden Pit

510224128Analyzed
1v1 RM · 1d ago on Sep 30, 2026· 28m 44s· 2 players
Game mode
Random Map
Map size
Tiny (2 player)
Population
200
Speed
Normal
Resources
Standard
Victory
Conquest
Starting age
Dark Age
Ending age
Imperial Age
RankedLock teamsTeams togetherTeam positionsShared explorationLock speedFull tech treeHidden civsTurbo modeCheats
Victory
Defeat
🇦🇷 Spanish · Argentina
1241
+17
🇺🇸 Malay · United States
1263
-17
FABRIZZIO
4:50 Loom
10:45 Feudal Age
11:29 Double-Bit Axe
18:15 Castle Age
18:53 Padded Archer Armor
20:34 Gold Mining
20:56 Bow Saw
23:04 Bloodlines
26:27 Leather Archer Armor
KingofAge
7:30 Loom
9:44 Feudal Age
9:21 Double-Bit Axe
12:29 Horse Collar
13:13 Fletching
14:47 Town Watch
19:08 Castle Age
17:38 Gold Mining
19:53 Gold Shaft Mining
19:26 Bodkin Arrow
18:53 Crossbowman
20:42 Bow Saw
26:36 Wheelbarrow
28:26 Hand Cart
Connection lost

Rejoining the realm…

Still unreachable

The connection could not be restored.

Session expired

The server has moved on; the page needs a fresh start.